[ AOE2 MATCH · #506350010 ]
UnrankedArmenians vs Tatars
Player's team · WIN
Rival team · LOSS
[ REPLAY ANALYSIS · EXTRACTED FROM THE RECORDED GAME ]
Feudal
10:37
Castle
—
Imperial
—
| APM avg | 61.8 |
| APM peak | 99 |
| eAPM avg | 22.4 |
| Villagers / military | 39 / 33 |
Focus
⚔️ 32.5% · 🌾 67.5%
Militia ×16 · Skirmisher ×16 · Spearman ×1
Feudal
8:56
Castle
19:50
Imperial
—
| APM avg | 65.9 |
| APM peak | 95 |
| eAPM avg | 17.5 |
| Villagers / military | 39 / 27 |
Focus
⚔️ 32.8% · 🌾 67.2%
Skirmisher ×21 · Archer ×5 · Spearman ×1
Match map
Initial resources + every placement click. Lines = walls · curves = elevation contours. ◆ gold · ⬟ stone · ● berries · ✦ relic · ◌ wall gap
Your base· Open — 5t gap
BoyWonder_'s base· Open — 3t gap
Smoothed initial terrain · ◌ = detected wall gap · hover for details
Inputs per minute
— [LW] Faneth - - BoyWonder_
Build order — [LW] Faneth
128 actions detected in the replay
| 0:00 | Queue | Villager (Male) |
| 0:00 | Queue | Villager (Male) |
| 0:02 | Build | House |
| 0:02 | Queue | Villager (Male) |
| 0:02 | Queue | Villager (Male) |
| 0:04 | Build | House |
| 1:31 | Queue | Villager (Male) |
| 1:48 | Build | Mule Cart |
| 1:55 | Queue | Villager (Male) |
| 2:24 | Queue | Villager (Male) |
| 2:55 | Queue | Villager (Male) |
| 3:23 | Queue | Villager (Male) |
| 3:23 | Queue | Villager (Male) |
| 3:51 | Build | House |
| 4:09 | Queue | Villager (Male) |
| 4:18 | Build | Barracks |
| 4:34 | Queue | Villager (Male) |
| 4:41 | Build | House |
| 4:51 | Queue | Villager (Male) |
| 4:55 | Queue | Villager (Male) |
| 5:14 | Queue | Militia |
| 5:14 | Queue | Militia |
| 5:35 | Build | House |
| 5:39 | Build | House |
| 5:52 | Queue | Villager (Male) |
| 6:12 | Build | Mule Cart |
| 6:18 | Build | House |
| 6:20 | Queue | Villager (Male) |
| 6:40 | Queue | Villager (Male) |
| 6:51 | Build | Mule Cart |
| 7:07 | Queue | Villager (Male) |
| 7:37 | Queue | Villager (Male) |
| 8:01 | Research | Loom |
| 8:21 | Research | Feudal Age |
| 8:24 | Queue | Militia |
| 8:45 | Queue | Militia |
| 10:08 | Build | House |
| 10:14 | Queue | Villager (Male) |
| 10:37 | Age | Feudal Age |
| 10:38 | Build | Archery Range |
| 10:40 | Research | Double-Bit Axe |
| 10:44 | Queue | Militia |
| 10:44 | Research | Man-at-Arms (upgrade) |
| 10:54 | Build | Mill |
| 10:59 | Queue | Villager (Male) |
| 11:13 | Build | Blacksmith |
| 11:21 | Queue | Villager (Male) |
| 11:23 | Research | Horse Collar |
| 11:25 | Queue | Skirmisher |
| 11:30 | Build | Farm |
| 11:31 | Build | Farm |
| 11:41 | Queue | Skirmisher |
| 11:45 | Build | Farm |
| 11:46 | Queue | Villager (Male) |
| 11:49 | Build | House |
| 11:50 | Build | House |
| 11:51 | Build | Palisade Wall |
| 12:00 | Build | Farm |
| 12:12 | Queue | Skirmisher |
| 12:12 | Queue | Villager (Male) |
| 12:19 | Build | Farm |
| 12:23 | Build | Farm |
| 12:30 | Research | Fletching |
| 12:48 | Queue | Skirmisher |
| 12:51 | Build | Farm |
| 13:00 | Build | House |
| 13:01 | Queue | Villager (Male) |
| 13:05 | Queue | Skirmisher |
| 13:17 | Queue | Skirmisher |
| 13:26 | Build | Farm |
| 13:27 | Build | Farm |
| 13:31 | Queue | Villager (Male) |
| 13:32 | Build | Farm |
| 13:47 | Queue | Skirmisher |
| 13:50 | Queue | Villager (Male) |
| 14:00 | Build | House |
| 14:07 | Queue | Skirmisher |
| 14:10 | Queue | Villager (Male) |
| 14:21 | Queue | Skirmisher |
| 14:31 | Queue | Skirmisher |
| 14:37 | Queue | Militia |
| 14:39 | Build | Farm |
| 14:40 | Build | Farm |
| 14:42 | Build | Farm |
| 14:46 | Build | Farm |
| 14:52 | Queue | Spearman |
| 14:55 | Queue | Villager (Male) |
| 14:58 | Build | House |
| 15:19 | Queue | Villager (Male) |
| 15:34 | Queue | Militia |
| 15:36 | Queue | Villager (Male) |
| 15:38 | Build | Farm |
| 15:53 | Queue | Skirmisher |
| 15:54 | Queue | Militia |
| 15:58 | Queue | Villager (Male) |
| 16:01 | Build | Farm |
| 16:15 | Build | Farm |
| 16:25 | Research | Long Swordsman (upgrade) |
| 16:31 | Research | Scale Mail Armor |
| 16:36 | Queue | Villager (Male) |
| 16:40 | Build | Farm |
| 16:52 | Build | Farm |
| 16:59 | Queue | Militia |
| 17:00 | Queue | Skirmisher |
| 17:11 | Queue | Militia |
| 17:26 | Queue | Villager (Male) |
| 17:27 | Queue | Militia |
| 17:54 | Queue | Militia |
| 17:54 | Queue | Villager (Male) |
| 18:21 | Queue | Villager (Male) |
| 18:27 | Queue | Militia |
| 18:40 | Queue | Villager (Male) |
| 18:41 | Build | Farm |
| 18:43 | Build | Farm |
| 18:46 | Build | Farm |
| 19:03 | Queue | Militia |
| 19:06 | Build | House |
| 19:07 | Build | House |
| 19:23 | Queue | Militia |
| 19:27 | Queue | Skirmisher |
| 19:37 | Queue | Skirmisher |
| 19:38 | Queue | Villager (Male) |
| 19:46 | Research | Arson |
| 19:50 | Queue | Militia |
| 20:14 | Queue | Villager (Male) |
| 20:16 | Build | Market |
| 20:22 | Queue | Skirmisher |
| 20:23 | Queue | Skirmisher |
Build order — BoyWonder_
117 actions detected in the replay
| 0:00 | Queue | Villager (Male) |
| 0:00 | Queue | Villager (Male) |
| 0:02 | Build | House |
| 0:03 | Build | House |
| 0:12 | Queue | Villager (Male) |
| 0:15 | Queue | Villager (Male) |
| 0:15 | Queue | Villager (Male) |
| 1:38 | Queue | Villager (Male) |
| 1:38 | Queue | Villager (Male) |
| 1:54 | Queue | Villager (Male) |
| 2:19 | Queue | Villager (Male) |
| 2:44 | Queue | Villager (Male) |
| 2:50 | Build | Lumber Camp |
| 3:13 | Queue | Villager (Male) |
| 3:20 | Queue | Villager (Male) |
| 3:46 | Queue | Villager (Male) |
| 3:48 | Build | House |
| 4:14 | Queue | Villager (Male) |
| 4:39 | Build | Mill |
| 4:51 | Queue | Villager (Male) |
| 4:51 | Queue | Villager (Male) |
| 4:51 | Queue | Villager (Male) |
| 5:22 | Queue | Villager (Male) |
| 5:49 | Queue | Villager (Male) |
| 6:46 | Research | Feudal Age |
| 6:47 | Research | Feudal Age |
| 7:09 | Build | Barracks |
| 7:34 | Build | House |
| 7:56 | Queue | Villager (Male) |
| 8:56 | Age | Feudal Age |
| 8:57 | Build | Archery Range |
| 9:00 | Queue | Spearman |
| 9:02 | Research | Loom |
| 9:08 | Queue | Villager (Male) |
| 9:29 | Queue | Skirmisher |
| 9:30 | Queue | Villager (Male) |
| 9:40 | Research | Double-Bit Axe |
| 9:40 | Research | Double-Bit Axe |
| 9:42 | Queue | Villager (Male) |
| 9:50 | Queue | Skirmisher |
| 9:54 | Queue | Skirmisher |
| 9:59 | Build | House |
| 10:08 | Queue | Villager (Male) |
| 10:30 | Build | House |
| 10:37 | Queue | Skirmisher |
| 10:46 | Queue | Archer |
| 10:47 | Queue | Villager (Male) |
| 10:52 | Build | Mining Camp |
| 11:05 | Queue | Villager (Male) |
| 11:06 | Queue | Skirmisher |
| 11:40 | Build | Palisade Wall |
| 11:40 | Build | Palisade Wall |
| 11:44 | Queue | Villager (Male) |
| 11:57 | Build | House |
| 11:59 | Build | Blacksmith |
| 12:00 | Build | Palisade Wall |
| 12:06 | Build | Palisade Wall |
| 12:07 | Build | Palisade Wall |
| 12:09 | Queue | Villager (Male) |
| 12:20 | Build | Farm |
| 12:28 | Queue | Skirmisher |
| 12:44 | Build | Farm |
| 12:54 | Queue | Villager (Male) |
| 13:01 | Queue | Skirmisher |
| 13:15 | Build | Farm |
| 13:21 | Research | Fletching |
| 13:21 | Research | Fletching |
| 13:39 | Queue | Villager (Male) |
| 13:50 | Build | Farm |
| 13:54 | Queue | Skirmisher |
| 13:58 | Build | House |
| 13:59 | Queue | Villager (Male) |
| 14:09 | Queue | Villager (Male) |
| 14:24 | Queue | Skirmisher |
| 14:25 | Build | House |
| 14:29 | Queue | Villager (Male) |
| 14:31 | Queue | Villager (Male) |
| 14:36 | Build | House |
| 14:44 | Build | Archery Range |
| 14:48 | Queue | Villager (Male) |
| 14:58 | Queue | Skirmisher |
| 15:17 | Queue | Villager (Male) |
| 15:23 | Build | Farm |
| 15:43 | Build | Farm |
| 15:54 | Queue | Archer |
| 15:54 | Queue | Archer |
| 16:17 | Build | House |
| 16:22 | Queue | Archer |
| 16:22 | Queue | Archer |
| 16:32 | Queue | Villager (Male) |
| 17:10 | Research | Castle Age |
| 17:10 | Research | Castle Age |
| 17:22 | Build | Watch Tower |
| 17:29 | Queue | Skirmisher |
| 17:29 | Queue | Skirmisher |
| 17:37 | Queue | Villager (Male) |
| 17:43 | Queue | Skirmisher |
| 17:46 | Build | Farm |
| 17:48 | Build | Farm |
| 18:19 | Queue | Skirmisher |
| 18:19 | Queue | Skirmisher |
| 18:33 | Build | Palisade Wall |
| 18:35 | Build | Palisade Wall |
| 18:37 | Build | House |
| 18:44 | Queue | Skirmisher |
| 18:44 | Queue | Skirmisher |
| 18:52 | Build | House |
| 18:53 | Build | Palisade Wall |
| 19:01 | Queue | Skirmisher |
| 19:01 | Queue | Skirmisher |
| 19:37 | Queue | Skirmisher |
| 19:37 | Queue | Skirmisher |
| 19:50 | Age | Castle Age |
| 19:55 | Research | Bodkin Arrow |
| 19:56 | Research | Elite Skirmisher (upgrade) |
| 19:56 | Research | Elite Skirmisher (upgrade) |
| 20:19 | Queue | Villager (Male) |
Match timeline
| 4:18 | [LW] Faneth · first_building Barracks |
| 7:09 | BoyWonder_ · first_building Barracks |
| 8:56 | BoyWonder_ · age_up feudal |
| 8:57 | BoyWonder_ · first_building Archery Range |
| 10:37 | [LW] Faneth · age_up feudal |
| 10:38 | [LW] Faneth · first_building Archery Range |
| 11:40 | BoyWonder_ · wall_segment Palisade Wall x1 |
| 11:40 | BoyWonder_ · wall_segment Palisade Wall x1 |
| 11:51 | [LW] Faneth · wall_segment Palisade Wall x1 |
| 12:00 | BoyWonder_ · wall_segment Palisade Wall x1 |
| 12:06 | BoyWonder_ · wall_segment Palisade Wall x1 |
| 12:07 | BoyWonder_ · wall_segment Palisade Wall x1 |
| 18:33 | BoyWonder_ · wall_segment Palisade Wall x1 |
| 18:35 | BoyWonder_ · wall_segment Palisade Wall x1 |
| 18:53 | BoyWonder_ · wall_segment Palisade Wall x1 |
| 19:50 | BoyWonder_ · age_up castle |
| 20:27 | BoyWonder_ · resign |
[ AI ANALYSIS · 1 CREDIT ]
What really happened in this match?
Wolo.gg analyzes every decision: build order, eco, micro, common mistakes by bracket. Personalized analysis on WhatsApp or Discord in 30 seconds.
Civ guide
Armenians
Perfil
Jugador #2482098